 Dungeon Crawl Stone Soup version 0.31-a0-214-gb37851dbb3 (webtiles) character file.

Game seed: 12631016037585448650

186 Armakuni the Trooper (level 5, -1/42 HPs)
             Began as a Human Warper on July 1, 2023.
             Slain by an iguana (2 damage)
             ... on level 3 of the Dungeon.
             The game lasted 00:11:31 (2964 turns).

Armakuni the Trooper (Human Warper)                 Turns: 2964, Time: 00:11:31

Health: -1/42      AC:  4    Str: 13    XL:     5   Next: 98%
Magic:  8/8        EV: 11    Int: 14    God:
Gold:   94         SH:  0    Dex: 12    Spells: 3/8 levels left

rFire   . . .        a - +0 mace
rCold   + . .        (no shield)
rNeg    . . .        b - +0 leather armour
rPois   .            (no helmet)
rElec   .            d - scarf {+Inv}
rCorr   .            k - +0 pair of gloves
SInv    .            (no boots)
Will    .....        (no amulet)
Stlth   +            J - ring of protection from cold
HPRegen 0.27/turn    (no ring)
MPRegen 0.11/turn

%: no passive effects
@: no status effects
A: no striking features
a: Evoke Invisibility


You were on level 3 of the Dungeon.
You visited 1 branch of the dungeon, and saw 4 of its levels.

You collected 94 gold pieces.

Inventory:

Hand Weapons
 a - a +0 mace (weapon)
Missiles
 g - 5 boomerangs
Armour
 b - a +0 leather armour (worn)
 d - a scarf of invisibility (worn)
 k - a +0 pair of gloves (worn)
Jewellery
 J - a ring of protection from cold (left hand)
Scrolls
 c - a scroll of blinking
 e - 2 scrolls of noise
 h - 3 scrolls of identify
 i - 2 scrolls of enchant weapon
 j - 3 scrolls of teleportation
Potions
 l - a potion of heal wounds
 m - a potion of lignification {unknown}


   Skills:
 + Level 4.2 Fighting
 + Level 4.2 Maces & Flails
 - Level 1.0 Throwing
 - Level 1.0 Armour
 - Level 2.0 Dodging
 - Level 2.0 Spellcasting
 - Level 3.0 Translocations


You had 3 spell levels left.
You knew the following spells:

 Your Spells              Type           Power      Damage    Failure   Level
a - Volatile Blastmotes   Fire/Tloc      10%        2d10      43%         3
b - Blink                 Tloc           18%        N/A       13%         2

Your spell library contained the following spells:

 Spells                   Type           Power      Damage    Failure   Level
 Lesser Beckoning         Tloc           18%        N/A       13%         2
 Teleport Other           Tloc           9%         N/A       26%         3
 Sublimation of Blood     Necr           1%         N/A       41%         2
 Wereblood                Tmut           1%         N/A       41%         2
 Vhi's Electric Charge    Tloc/Air       10%        N/A       43%         3
 Dazzling Flash           Conj/Hex       2%         N/A       65%         3
 Manifold Assault         Tloc           9%         N/A       65%         4
 Iskenderun's Mystic Bla  Conj/Tloc      5%         2d3       85%         4
 Starburst                Conj/Fire      0%         6d3       100%        6
 Summon Hydra             Summ           0%         N/A       100%        7


Dungeon Overview and Level Annotations

Branches:
Dungeon (4/15)
 Temple: D:4-7

Altars:
Wu Jian

Shops:
D:3 =

Annotations:
D:3 Grinder


Message History

You hit the iguana but do no damage.
The iguana is moderately wounded.
The iguana bites you!
You are too injured to fight recklessly!
You are too injured to fight recklessly!
You hit the iguana but do no damage.
The iguana is moderately wounded.
The iguana misses you. The iguana bites you.
You hit the iguana.
The iguana is heavily wounded.
The iguana barely misses you.
You hit the iguana but do no damage.
The iguana is heavily wounded.
The iguana misses you.
You completely miss the iguana.
The iguana is heavily wounded.
The iguana bites you.
* * * LOW HITPOINT WARNING * * *
You closely miss the iguana.
The iguana is heavily wounded.
The iguana closely misses you.
You closely miss the iguana.
The iguana is heavily wounded.
The iguana bites you.
* * * LOW HITPOINT WARNING * * *
The iguana closely misses you.
You barely miss the iguana.
The iguana is heavily wounded.
The iguana bites you but does no damage.
You barely miss the iguana.
The iguana is heavily wounded.
The iguana bites you.
* * * LOW HITPOINT WARNING * * *
You hit the iguana.
The iguana is severely wounded.
The iguana completely misses you.
You hit the iguana but do no damage.
The iguana is severely wounded.
The iguana bites you.
You die...

#.#,***#.# #..,,,
#.#,,,*#.# ####### #.#***
#.#**,*#.# #.....# #.# #.#
#.##'####)....####.# #.#
#.#.............##.# #.#
#.#.............##.### #.#
#.#..................# #)#
#.#..............#.#.#
#)###.#.>.@..........#.#.##
#.#........l...............
#.#.##...............#.#.##
#.#..................#.#.#
#....#######...#####.#.#.#
####.# ###...* #.#.#[## #.#
*##.#****,#... #.# *..,*
*,#### #.# ***,*##,*


You could see an iguana.

Vanquished Creatures
  A hound (D:4)
  An orc priest (D:4)
  5 adders
  An ufetubus (D:4)
  2 worms
  2 dart slugs
  5 orcs
  3 ball pythons
  5 bats
  4 endoplasms
  2 giant cockroaches
  4 goblins
  3 hobgoblins
  2 jackals (D:1)
  3 quokkas
  7 frilled lizards
  9 kobolds
  7 rats
66 creatures vanquished.

Notes
Turn   | Place    | Note
-------+----------+-------------------------------------------
     0 | D:1      | Armakuni the Human Warper began the quest for the Orb.
     0 | D:1      | Reached XP level 1. HP: 16/16 MP: 3/3
   231 | D:1      | Reached XP level 2. HP: 19/23 MP: 5/5
   342 | D:1      | Learned a level 2 spell: Blink
   581 | D:1      | Reached XP level 3. HP: 28/28 MP: 6/6
   808 | D:1      | Found a faded altar of an unknown god.
  1239 | D:2      | Learned a level 3 spell: Volatile Blastmotes
  1358 | D:2      | Reached XP level 4. HP: 9/35 MP: 7/7
  2074 | D:3      | Reached XP level 5. HP: 35/41 MP: 8/8
  2275 | D:3      | Found Zuegelouso's Jewellery Shoppe.
  2369 | D:3      | Noticed Grinder
  2543 | D:3      | Found an ornate altar of the Wu Jian Council.
  2962 | D:3      | HP: 1/42 [iguana (5)]
  2964 | D:3      | Slain by an iguana

Illustrated notes

Levels and vault maps discovered:
D:1:      dpeg_arrival_tiny_i, layout_loops_ring,
          hellmonk_ecumenical_altar_inner_sanctum
D:2:      layout_basic, dk_noncrumbling_4
D:3:      layout_basic, mainiacjoe_overflow_alcove_4, serial_shops, shop,
          minmay_between, uniq_grinder
D:4:      minmay_chambers_of_fours, layout_basic, mainiacjoe_overflow_24_doors,
          fedhas_altar_4, minitemple, grunt_decor_junction, uniq_robin

Skill      XL: |  1  2  3  4  5 |
---------------+----------------+-----
Fighting       | 3 4 |  4.2
Maces & Flails | 3 4 |  4.2
Throwing       | |  1.0
Armour         | |  1.0
Dodging        | |  2.0
Spellcasting   | |  2.0
Translocations | |  3.0

Action                     |  1- 3 |  4- 6 || total
---------------------------+-------+-------++-------
  Melee: Mace              |   122 |   158 ||   280
         Punch             |     3 |     1 ||     4
  Throw: Boomerang         |     5 |     2 ||     7
         Dart              |     3 |     3 ||     6
   Cast: Volatile Blastmot |       |     1 ||     1
         Blink             |       |     5 ||     5
    Use: Scroll            |     2 |     4 ||     6
         Potion            |     1 |       ||     1
 Armour: Leather armour    |    46 |    36 ||    82
  Dodge: Dodged            |    89 |   119 ||   208

Table legend: (Time is in decaauts)
 A = Elapsed time spent in this place.
 B = Non-inter-level travel time spent in this place.
 C = Inter-level travel time spent in this place.
 D = Time resting spent in this place.
 E = Time spent auto-exploring this place.
 F = Levels seen in this place.
 G = Mean time per level.
                   A        B        C        D        E       F      G
               +--------+--------+--------+--------+--------+-----+--------+
         Total |   3022 |   2981 |     41 |    500 |   1595 |   4 |  755.5 |
       Dungeon |   3022 |   2981 |     41 |    500 |   1595 |   4 |  755.5 |
               +--------+--------+--------+--------+--------+-----+--------+

Top non-repeatable levels by time:
     D:2: 1005 daAuts
     D:1: 907 daAuts
     D:3: 642 daAuts
     D:4: 467 daAuts
